 Dungeon Sprint DCSS version 0.27-a0-13-g87abb2d9eb (webtiles) character file.

Game seed: 7262594413120798760

1331 reriks the Cleaver (level 8, -5/57 HPs)
             Began as a Gargoyle Berserker on Jan 2, 2021.
             Was a High Priest of Trog.
             Slain by a two-headed ogre
             ... wielding a +0 dire flail
              (11 damage)
             ... in the Dungeon (Sprint III: "The Ten Rune Challenge").
             The game lasted 00:01:42 (1099 turns).

reriks the Cleaver (Gargoyle Berserker)             Turns: 1099, Time: 00:01:43

Health: -5/57      AC:  9    Str: 24    XL:     8   Next: 60%
Magic:  8/8        EV: 15    Int:  7    God:    Trog [*****.]
Gold:   45         SH:  0    Dex:  9    Spells: 7/7 levels left

rFire    . . .     SeeInvis .   a - +0 hand axe
rCold    . . .     Faith    .   (no shield)
rNeg     + . .     Spirit   .   b - +0 animal skin
rPois    ∞         Reflect  .   (no helmet)
rElec    +         Harm     .   (no cloak)
rCorr    .         Rampage  .   (no gloves)
Will     ++...     NoTele   +   q - +0 pair of boots
Stlth    +.........             (no amulet)
HPRegen  1.19/turn              (no ring)
MPRegen  0.11/turn              (no ring)

@: berserk cooldown, regenerating, slowed, very slow
A: negative energy resistance 1, electricity resistance, unbreathing,
petrification resistance, miasma immunity, AC +5
a: Renounce Religion, Berserk, Trog's Hand, Brothers in Arms


You were in the Dungeon.
You worshipped Trog.
Trog was extremely pleased with you.
You visited 1 branch You collected 45 gold pieces.

Inventory:

Hand Weapons
 a - a +0 hand axe (weapon)
 p - a +0 long sword of holy wrath
Missiles
 j - 18 sling bullets
Armour
 b - a +0 animal skin (worn)
 q - a +0 pair of boots (worn)
Scrolls
 h - a scroll of blinking
 k - 2 scrolls of immolation {unknown}
 l - 2 scrolls of identify {unknown}
 m - 4 scrolls of remove curse
Potions
 c - a potion of curing
 d - 2 potions of heal wounds
 e - a potion of haste
 f - 2 potions of magic
 g - a potion of berserk rage
 i - 2 potions of ambrosia {unknown}
 n - 4 potions of flight
 o - 4 potions of mutation


   Skills:
 + Level 9.7 Fighting
 * Level 11.1 Axes
 + Level 9.4 Armour
 + Level 7.2 Dodging


You had 7 spell levels left.
You didn't know any spells.
Your spell library was empty.

Dungeon Overview and Level Annotations

Branches:
Dungeon (1/1)

Altars:
Dithmenos
Elyvilon
Kikubaaqudgha
Okawaru
Ru
Sif Muna
Trog
Uskayaw
Vehumet
Wu Jian
Yredelemnul
Zin
The Shining One
Beogh


Innate Abilities, Weirdness & Mutations

You are resistant to torment.
Your stone body is resilient. (AC +5)
You are immune to poison.
You resist negative energy. (rN+)
You are resistant to electric shocks. (rElec)
You can survive without breathing.
You are immune to petrification.
You are immune to miasma.


Message History

The two-headed ogre is severely wounded.
The two-headed ogre closely misses you. The two-headed ogre barely misses you.
You hit the two-headed ogre but do no damage.
The two-headed ogre is severely wounded.
The two-headed ogre barely misses you. x2
Unknown command.
You hit the two-headed ogre but do no damage.
The two-headed ogre is severely wounded.
The two-headed ogre closely misses you.
The two-headed ogre hits you with a +0 dire flail!
The two-headed ogre barely misses you. The two-headed ogre misses you.
You hit the two-headed ogre but do no damage.
The two-headed ogre is severely wounded.
The two-headed ogre hits you with a +0 dire flail!
* * * LOW HITPOINT WARNING * * *
The two-headed ogre hits you but does no damage.
You hit the two-headed ogre but do no damage.
The two-headed ogre is severely wounded.
The two-headed ogre hits you with a +0 dire flail!
You die...

♣♣♣.###'#)###'##
♣...#.....÷....#
♣♣♣.'.⌠........#
≈♣♣.#...######'#
....#.⌠.# #...#
# ....#...#
#...# #.#
....#'### #...##
.. ....#.).#
#...'##.#
....#___#
+...#@O.#
▓▓▓▓▓▓▓▓▓
▓▓▓▓▓▓▓▓▓


You could see a two-headed ogre.

Vanquished Creatures
  A deep elf mage (D)
  A shadow (D)
  A necrophage (D)
  2 two-headed ogres (D)
  A water elemental (D)
  A jelly (D)
  A wizard (D)
  Jessica (D)
  A necromancer (D)
  A kobold demonologist (D)
  3 humans (D)
  A wolf (D)
  An ooze (D)
  2 rats (D)
18 creatures vanquished.

Notes
Turn   | Place    | Note
-------+----------+-------------------------------------------
     0 | D        | reriks the Gargoyle Berserker began the quest for the Orb.
     0 | D        | Reached XP level 1. HP: 14/14 MP: 1/1
    10 | D        | Reached skill level 3 in Axes
    69 | D        | Noticed Jessica
    70 | D        | Reached ** piety under Trog
    72 | D        | Killed Jessica
    73 | D        | Reached skill level 4 in Axes
    73 | D        | Reached XP level 2. HP: 20/20 MP: 2/2
    73 | D        | Reached XP level 3. HP: 24/24 MP: 3/3
   285 | D        | Reached *** piety under Trog
   286 | D        | Reached skill level 5 in Axes
   286 | D        | Reached XP level 4. HP: 28/30 MP: 4/4
   472 | D        | Noticed a water elemental
   477 | D        | Killed a water elemental
   478 | D        | Reached skill level 5 in Fighting
   478 | D        | Reached skill level 6 in Axes
   478 | D        | Reached skill level 5 in Armour
   478 | D        | Reached XP level 5. HP: 33/36 MP: 5/5
   646 | D        | Found a glowing silver altar of Zin.
   646 | D        | Found a glowing golden altar of the Shining One.
   646 | D        | Found a white marble altar of Elyvilon.
   649 | D        | Noticed a deep elf mage
   656 | D        | Killed a deep elf mage
   657 | D        | Reached skill level 9 in Axes
   657 | D        | Reached skill level 5 in Dodging
   657 | D        | Reached XP level 6. HP: 44/44 MP: 6/6
   657 | D        | Reached XP level 7. HP: 49/49 MP: 7/7
   689 | D        | Found a hide-covered altar of Uskayaw.
   689 | D        | Found a roughly hewn altar of Beogh.
   689 | D        | Found an iron altar of Okawaru.
   689 | D        | Found a bloodstained altar of Trog.
   689 | D        | Found an ornate altar of the Wu Jian Council.
   689 | D        | Noticed a human
   690 | D        | Noticed a human
   696 | D        | Killed a human
   696 | D        | Reached **** piety under Trog
   701 | D        | Killed a human
   702 | D        | Reached skill level 10 in Axes
   702 | D        | Reached XP level 8. HP: 56/56 MP: 8/8
   775 | D        | Found a radiant altar of Vehumet.
   776 | D        | Found a shimmering blue altar of Sif Muna.
   776 | D        | Found an ancient bone altar of Kikubaaqudgha.
   786 | D        | Noticed a sixfirhy
   786 | D        | Reached ***** piety under Trog
   837 | D        | Found a basalt altar of Yredelemnul.
   837 | D        | Found a shadowy altar of Dithmenos.
   837 | D        | Found a sacrificial altar of Ru.
   954 | D        | Noticed a shadow
   958 | D        | Killed a shadow
  1077 | D        | Received a gift from Trog
  1085 | D        | Reached skill level 11 in Axes
  1099 | D        | Slain by a two-headed ogre

Illustrated notes

Levels and vault maps discovered:
D:        dungeon_sprint_mu [sprint_mu_entry_forest, sprint_mu_temple_rooms,
          sprint_mu_d1_spiders, sprint_mu_d2_genie, sprint_mu_d3_branching,
          sprint_mu_orc_legion, sprint_mu_elf_gauntlet, sprint_mu_hive_nellie,
          sprint_mu_lair_fedhas, sprint_mu_vaults_butterflies,
          sprint_mu_slime_circle, sprint_mu_swamp_cave, sprint_mu_shoals_archi,
          sprint_mu_blade_basic, sprint_mu_crypt_fortress,
          sprint_mu_tomb_spiral, sprint_mu_vestibule_basic,
          sprint_mu_gehenna_hellfire, sprint_mu_dis_giant,
          sprint_mu_tartarus_statrot, sprint_mu_cocytus_islands, sprint_mu_zot1]

Skill      XL: |  1  2  3  4  5  6  7  8 |
---------------+-------------------------+-----
Axes           | 4 5 6 9 10 11 | 11.1
Dodging        | 2 3 5 6 7 |  7.2
Fighting       | 4 5 8 9 |  9.7
Armour         | 3 4 5 7 8 9 |  9.4

Action                   |  1- 3 |  4- 6 |  7- 9 || total
-------------------------+-------+-------+-------++-------
Melee: Hand axe          |    20 |    10 |    64 ||    94
Invok: Berserk           |     2 |     2 |     5 ||     9
       Trog's Hand       |       |       |     1 ||     1
Armor: Animal skin       |     5 |     1 |     8 ||    14
Dodge: Dodged            |    10 |       |    31 ||    41

Table legend: (Time is in decaauts)
 A = Elapsed time spent in this place.
 B = Non-inter-level travel time spent in this place.
 C = Inter-level travel time spent in this place.
 D = Time resting spent in this place.
 E = Time spent auto-exploring this place.
 F = Levels seen in this place.
 G = Mean time per level.
                   A        B        C        D        E       F      G
               +--------+--------+--------+--------+--------+-----+--------+
         Total |   1148 |   1148 |      0 |    913 |     13 |   1 | 1148.0 |
       Dungeon |   1148 |   1148 |      0 |    913 |     13 |   1 | 1148.0 |
               +--------+--------+--------+--------+--------+-----+--------+

Top non-repeatable levels by time:
       D: 1148 daAuts
